| TOP OF THE 1ST |
|
California Angels batting - Pitching for Texas Rangers : LHP Ragnar Danielsson
|
|
Pitching: LHP Ragnar Danielsson
|
|
|
Batting: RHB Bjoern Waltersson
|
0-0: Fly out, F8 (Flyball, 8LS, EV 82.5 MPH)
|
|
Batting: LHB Rusty Ney
|
0-0: Called Strike 0-1: Ground out 4-3 (Groundball, 4, EV 83.8 MPH)
|
|
Batting: RHB Nick Dunn
|
0-0: Foul Ball, location: 2F 0-1: Ball 1-1: Ball 2-1: Swinging Strike 2-2: Foul Ball, location: 2F 2-2: Strikes out looking
|
| Top of the 1st over - 0 runs, 0 hits, 0 errors, 0 left on base; California 0 - Texas 0 |
| BOTTOM OF THE 1ST |
|
Texas Rangers batting - Pitching for California Angels : RHP Matt Decker
|
|
Pitching: RHP Matt Decker
|
|
|
Batting: LHB Sean Geisler
|
0-0: Called Strike 0-1: Ball 1-1: Ball 2-1: Ball 3-1: Foul Ball, location: 2F 3-2: Base on Balls
|
|
Batting: RHB Marc Peckermark
|
0-0: Called Strike 0-1: Called Strike Sean Geisler steals 2nd base (no throw) 0-2: SINGLE (Flyball, 8RS, EV 88.8 MPH) Sean Geisler to third Runner from 3rd tries for Home, throw by CF and OUT! 8-2 Marc Peckermark to second
|
|
Batting: RHB Zhao-ji Chi
|
0-0: Ground out 1-3 (Groundball, 25, EV 68.1 MPH)
|
|
Batting: SHB Rich Chavez
|
0-0: Swinging Strike 0-1: Swinging Strike 0-2: 2-RUN HOME RUN (Flyball, 9D, EV 108.1 MPH), Distance : 400 ft
|
|
Batting: SHB Hans Mikkelsen
|
0-0: Ball 1-0: Ball 2-0: Ball 3-0: Base on Balls
|
|
Batting: RHB Imbart Faber
|
0-0: Called Strike 0-1: SINGLE (Groundball, 34, EV 105.6 MPH) Hans Mikkelsen to second Runner from 2nd tries for 3rd, SAFE, throw by RF made to third Imbart Faber to second
|
|
Batting: SHB Tony Prado
|
0-0: Called Strike 0-1: Called Strike 0-2: Ball 1-2: Strikes out swinging
|
| Bottom of the 1st over - 2 runs, 3 hits, 0 errors, 2 left on base; California 0 - Texas 2 |
| TOP OF THE 2ND |
|
California Angels batting - Pitching for Texas Rangers : LHP Ragnar Danielsson
|
|
Batting: RHB Alain Delhaye
|
0-0: Ball 1-0: Fly out, F8 (Flyball, 78S, EV 94.4 MPH)
|
|
Batting: RHB Avery Maxwell
|
0-0: Called Strike 0-1: Foul Ball, location: 2F 0-2: Ball 1-2: Strikes out swinging
|
|
Batting: RHB Ryan Munro
|
0-0: Called Strike 0-1: Ball 1-1: DOUBLE (Flyball, 89D, EV 105.6 MPH)
|
|
Batting: RHB Ryuji Ito
|
0-0: Ball 1-0: Swinging Strike 1-1: Swinging Strike 1-2: Foul Ball, location: 2F 1-2: SINGLE (Line Drive, 8LS, EV 100.0 MPH) Ryan Munro to third
|
|
Batting: LHB Javier Trujillo
|
0-0: Called Strike 0-1: Swinging Strike 0-2: Ball 1-2: Strikes out swinging
|
| Top of the 2nd over - 0 runs, 2 hits, 0 errors, 2 left on base; California 0 - Texas 2 |
| BOTTOM OF THE 2ND |
|
Texas Rangers batting - Pitching for California Angels : RHP Matt Decker
|
|
Batting: RHB Josh Ferguson
|
0-0: Called Strike 0-1: Ball 1-1: Ball 2-1: SINGLE (Groundball, 56D, EV 102.5 MPH)
|
|
Batting: SHB Vince Ealy
|
0-0: Ground out 4-3 (Groundball, 34, EV 90.0 MPH) Josh Ferguson to second
|
|
Batting: LHB Sean Geisler
|
0-0: Ball 1-0: Swinging Strike 1-1: Ball 2-1: Foul Ball, location: 2F 2-2: Ground out 4-3 (Groundball, 4D, EV 80.6 MPH) Josh Ferguson to third
|
|
Batting: RHB Marc Peckermark
|
0-0: Called Strike 0-1: Foul Ball, location: 2F 0-2: Fly out, F7 (Flyball, 7, EV 86.2 MPH)
|
| Bottom of the 2nd over - 0 runs, 1 hit, 0 errors, 1 left on base; California 0 - Texas 2 |
| TOP OF THE 3RD |
|
California Angels batting - Pitching for Texas Rangers : LHP Ragnar Danielsson
|
|
Batting: LHB Jonathon Walton
|
0-0: Ball 1-0: Ball 2-0: Foul Ball, location: 2F 2-1: Ball 3-1: Foul Ball, location: 2F 3-2: Foul Ball, location: 2F 3-2: Foul Ball, location: 2F 3-2: Base on Balls
|
|
Batting: RHB Bjoern Waltersson
|
0-0: Called Strike 0-1: Ball 1-1: Ball 2-1: Fly out, F7 (Flyball, 78M, EV 85.6 MPH)
|
|
Batting: LHB Rusty Ney
|
0-0: Called Strike 0-1: Called Strike Jonathon Walton steals 2nd, throwing error, E2 Jonathon Walton to third 0-2: Ball 1-2: Strikes out swinging
|
|
Batting: RHB Nick Dunn
|
0-0: Ball 1-0: Foul Ball, location: 2F 1-1: Ball 2-1: Swinging Strike 2-2: Strikes out looking
|
| Top of the 3rd over - 0 runs, 0 hits, 1 error, 1 left on base; California 0 - Texas 2 |
| BOTTOM OF THE 3RD |
|
Texas Rangers batting - Pitching for California Angels : RHP Matt Decker
|
|
Batting: RHB Zhao-ji Chi
|
0-0: Ball 1-0: Ball 2-0: Ball 3-0: Base on Balls
|
|
Batting: SHB Rich Chavez
|
0-0: Foul Ball, location: 2F 0-1: Ball 1-1: Foul Ball, location: 2F 1-2: Ball 2-2: SINGLE (Groundball, 34D, EV 100.6 MPH) Zhao-ji Chi to second Runner from 2nd tries for 3rd, SAFE, throw by RF made to third Rich Chavez to second
|
|
Batting: SHB Hans Mikkelsen
|
0-0: Foul Ball, location: 2F 0-1: Swinging Strike 0-2: Strikes out swinging
|
|
Batting: RHB Imbart Faber
|
0-0: Called Strike 0-1: Ball 1-1: Foul Ball, location: 2F 1-2: Ball 2-2: Ball 3-2: Base on Balls
|
|
Batting: SHB Tony Prado
|
0-0: Called Strike 0-1: Ball 1-1: Ball 2-1: SINGLE (Line Drive, 56D, EV 98.8 MPH) Zhao-ji Chi scores Rich Chavez to third Imbart Faber to second
|
|
Batting: RHB Josh Ferguson
|
0-0: Ball 1-0: Ball 2-0: SINGLE (Groundball, 4D, EV 95.6 MPH) Rich Chavez scores Imbart Faber to third Tony Prado to second
|
|
Batting: SHB Vince Ealy
|
0-0: Ball 1-0: Ball 2-0: Ball 3-0: Called Strike 3-1: Base on Balls Imbart Faber scores Tony Prado to third Josh Ferguson to second
|
|
Pitching: RHP Jose Saenz
|
|
|
Batting: LHB Sean Geisler
|
0-0: Foul Ball, location: 2F 0-1: Called Strike 0-2: Strikes out looking
|
|
Batting: RHB Marc Peckermark
|
0-0: Fly out, F8 (Flyball, 89S, EV 87.5 MPH)
|
| Bottom of the 3rd over - 3 runs, 3 hits, 0 errors, 3 left on base; California 0 - Texas 5 |
| TOP OF THE 4TH |
|
California Angels batting - Pitching for Texas Rangers : LHP Ragnar Danielsson
|
|
Batting: RHB Alain Delhaye
|
0-0: Ball 1-0: Ball 2-0: Ball 3-0: Base on Balls
|
|
Batting: RHB Avery Maxwell
|
0-0: Swinging Strike 0-1: Grounds into double play, 4-6-3 (Groundball, 13, EV 86.2 MPH)
|
|
Batting: RHB Ryan Munro
|
0-0: Foul Ball, location: 2F 0-1: Ball 1-1: Foul Ball, location: 2F 1-2: Ball 2-2: Foul Ball, location: 2F 2-2: Foul Ball, location: 2F 2-2: Strikes out looking
|
| Top of the 4th over - 0 runs, 0 hits, 0 errors, 0 left on base; California 0 - Texas 5 |
| BOTTOM OF THE 4TH |
|
Texas Rangers batting - Pitching for California Angels : RHP Jose Saenz
|
|
Batting: RHB Zhao-ji Chi
|
0-0: Called Strike 0-1: Swinging Strike 0-2: Ball 1-2: Foul Ball, location: 2F 1-2: Strikes out swinging
|
|
Batting: SHB Rich Chavez
|
0-0: Ball 1-0: Called Strike 1-1: Foul Ball, location: 2F 1-2: Strikes out looking
|
|
Batting: SHB Hans Mikkelsen
|
0-0: Fly out, F9 (Line Drive, 9LM, EV 98.8 MPH)
|
| Bottom of the 4th over - 0 runs, 0 hits, 0 errors, 0 left on base; California 0 - Texas 5 |
| TOP OF THE 5TH |
|
California Angels batting - Pitching for Texas Rangers : LHP Ragnar Danielsson
|
|
Batting: RHB Ryuji Ito
|
0-0: Ball 1-0: Called Strike 1-1: Ball 2-1: Swinging Strike 2-2: Fly out, F8 (Flyball, 8LXD, EV 100.6 MPH)
|
|
Batting: LHB Javier Trujillo
|
0-0: Ball 1-0: Called Strike 1-1: Foul Ball, location: 2F 1-2: Ball 2-2: SINGLE (Groundball, 56S, EV 66.9 MPH) (infield hit)
|
|
Batting: LHB Jonathon Walton
|
0-0: Called Strike 0-1: Ball 1-1: Foul Ball, location: 2F 1-2: Ball 2-2: Ball 3-2: Foul Ball, location: 2F 3-2: SINGLE (Groundball, 34D, EV 103.1 MPH) Javier Trujillo to second Runner from 2nd tries for 3rd, SAFE, throw by RF made to third
|
|
Batting: RHB Bjoern Waltersson
|
0-0: Fielders Choice at 2nd, 6-4 (Groundball, 6, EV 86.9 MPH) Javier Trujillo scores
|
|
Batting: LHB Rusty Ney
|
0-0: Ball 1-0: Foul Ball, location: 2F 1-1: Ground out 1-3 (Groundball, 34S, EV 70.6 MPH)
|
| Top of the 5th over - 1 run, 2 hits, 0 errors, 1 left on base; California 1 - Texas 5 |
| BOTTOM OF THE 5TH |
|
Texas Rangers batting - Pitching for California Angels : RHP Jose Saenz
|
|
Batting: RHB Imbart Faber
|
0-0: Called Strike 0-1: Foul Ball, location: 2F 0-2: Strikes out swinging
|
|
Batting: SHB Tony Prado
|
0-0: Called Strike 0-1: Ball 1-1: Fly out, F9 (Line Drive, 9, EV 93.1 MPH)
|
|
Batting: RHB Josh Ferguson
|
0-0: Ball 1-0: Ground out 6-3 (Groundball, P, EV 86.9 MPH)
|
| Bottom of the 5th over - 0 runs, 0 hits, 0 errors, 0 left on base; California 1 - Texas 5 |
| TOP OF THE 6TH |
|
California Angels batting - Pitching for Texas Rangers : LHP Ragnar Danielsson
|
|
Batting: RHB Nick Dunn
|
0-0: Ball 1-0: Called Strike 1-1: Ball 2-1: Foul Ball, location: 2F 2-2: Foul Ball, location: 2F 2-2: Ball 3-2: Ground out 3-1 (Groundball, 34S, EV 91.2 MPH)
|
|
Batting: RHB Alain Delhaye
|
0-0: Foul Ball, location: 2F 0-1: Ground out 5-3 (Groundball, 56, EV 81.2 MPH)
|
|
Batting: RHB Avery Maxwell
|
0-0: SINGLE (Groundball, 6D, EV 103.1 MPH)
|
|
Batting: RHB Ryan Munro
|
0-0: Foul Ball, location: 2F 0-1: Ground out 4-3 (Groundball, 34S, EV 80.0 MPH)
|
| Top of the 6th over - 0 runs, 1 hit, 0 errors, 1 left on base; California 1 - Texas 5 |
| BOTTOM OF THE 6TH |
|
Texas Rangers batting - Pitching for California Angels : RHP Jose Saenz
|
|
Batting: SHB Vince Ealy
|
0-0: Ball 1-0: Ball 2-0: Called Strike 2-1: Foul Ball, location: 2F 2-2: Ball 3-2: Ground out 1-3 (Groundball, 25, EV 65.0 MPH)
|
|
Batting: LHB Sean Geisler
|
0-0: Ball 1-0: Foul Ball, location: 2F 1-1: Called Strike 1-2: Ball 2-2: Ball 3-2: Strikes out looking
|
|
Batting: RHB Marc Peckermark
|
0-0: Called Strike 0-1: Foul Ball, location: 2F 0-2: Strikes out looking
|
| Bottom of the 6th over - 0 runs, 0 hits, 0 errors, 0 left on base; California 1 - Texas 5 |
| TOP OF THE 7TH |
|
California Angels batting - Pitching for Texas Rangers : LHP Ragnar Danielsson
|
|
Pitching: LHP Dylan Batstone
|
|
|
Batting: RHB Ryuji Ito
|
0-0: Called Strike 0-1: Ball 1-1: Swinging Strike 1-2: Ball 2-2: Ground out 4-3 (Groundball, 4MD, EV 109.4 MPH)
|
|
Batting: LHB Javier Trujillo
|
0-0: Foul Ball, location: 2F 0-1: Ground out 4-3 (Groundball, 4, EV 86.9 MPH)
|
|
Batting: LHB Jonathon Walton
|
0-0: Swinging Strike 0-1: Ball 1-1: Called Strike 1-2: Ball 2-2: Foul Ball, location: 2F 2-2: Strikes out swinging
|
| Top of the 7th over - 0 runs, 0 hits, 0 errors, 0 left on base; California 1 - Texas 5 |
| BOTTOM OF THE 7TH |
|
Texas Rangers batting - Pitching for California Angels : RHP Jose Saenz
|
|
Pitching: RHP Kyle Ehret
|
|
|
Batting: RHB Zhao-ji Chi
|
0-0: Called Strike 0-1: Ball 1-1: SINGLE (Line Drive, 3D, EV 94.4 MPH)
|
|
Batting: SHB Rich Chavez
|
0-0: Ball 1-0: Foul Ball, location: 2F 1-1: Grounds into double play, 6-4-3 (Groundball, 6, EV 103.8 MPH)
|
|
Batting: SHB Hans Mikkelsen
|
0-0: Called Strike 0-1: Ground out U3 (Groundball, 3, EV 86.9 MPH)
|
| Bottom of the 7th over - 0 runs, 1 hit, 0 errors, 0 left on base; California 1 - Texas 5 |
| TOP OF THE 8TH |
|
California Angels batting - Pitching for Texas Rangers : LHP Dylan Batstone
|
|
Pitching: RHP Mike Webb
|
|
|
Batting: RHB Bjoern Waltersson
|
0-0: Called Strike 0-1: Foul Ball, location: 2F 0-2: Ball 1-2: Strikes out swinging
|
|
Batting: LHB Rusty Ney
|
0-0: Ball 1-0: Foul Ball, location: 2F 1-1: Ball 2-1: Fly out, F7 (Flyball, 7LSF, EV 85.6 MPH)
|
|
Batting: RHB Nick Dunn
|
0-0: Foul Ball, location: 2F 0-1: Called Strike 0-2: Ball 1-2: Strikes out swinging
|
| Top of the 8th over - 0 runs, 0 hits, 0 errors, 0 left on base; California 1 - Texas 5 |
| BOTTOM OF THE 8TH |
|
Texas Rangers batting - Pitching for California Angels : RHP Kyle Ehret
|
|
Batting: RHB Imbart Faber
|
0-0: Ball 1-0: Foul Ball, location: 2F 1-1: Ball 2-1: Called Strike 2-2: Foul Ball, location: 2F 2-2: Ball 3-2: Base on Balls
|
|
Batting: SHB Tony Prado
|
0-0: Ball 1-0: Grounds into double play, 5-4-3 (Groundball, 56, EV 110.6 MPH)
|
|
Batting: RHB Josh Ferguson
|
0-0: Called Strike 0-1: SINGLE (Groundball, 5D, EV 96.2 MPH)
|
|
Batting: SHB Vince Ealy
|
0-0: Ball 1-0: Called Strike 1-1: Ball 2-1: Swinging Strike 2-2: Ball 3-2: Foul Ball, location: 2F 3-2: SINGLE (Line Drive, 6D, EV 104.4 MPH) Josh Ferguson to second Josh Ferguson to third
|
|
Pitching: LHP Trevor Sharp
|
|
|
Batting: LHB Sean Geisler
|
0-0: Swinging Strike 0-1: Ball Vince Ealy steals 2nd base 1-1: Foul Ball, location: 2F 1-2: Strikes out swinging
|
| Bottom of the 8th over - 0 runs, 2 hits, 0 errors, 2 left on base; California 1 - Texas 5 |
| TOP OF THE 9TH |
|
California Angels batting - Pitching for Texas Rangers : RHP Mike Webb
|
|
Pitching: RHP Kyle Curve
|
|
|
Batting: RHB Alain Delhaye
|
0-0: Ball 1-0: Ground out 5-3 (Groundball, 5, EV 99.4 MPH)
|
|
Batting: RHB Avery Maxwell
|
0-0: Foul Ball, location: 2F 0-1: Fly out, F8 (Line Drive, 78M, EV 88.1 MPH)
|
|
Batting: RHB Ryan Munro
|
0-0: Called Strike 0-1: Foul Ball, location: 2F 0-2: Ball 1-2: Ball 2-2: Ball 3-2: Ground out 6-3 (Groundball, 56, EV 106.2 MPH)
|
| Top of the 9th over - 0 runs, 0 hits, 0 errors, 0 left on base; California 1 - Texas 5 |
|